 Dungeon Crawl Stone Soup version 0.16-a0-305-g9782ec1 (webtiles) character file.

98 MRaven the Charmwright (level 4, -2/30 HPs)
             Began as a High Elf Skald on Aug 30, 2014.
             Succumbed to poison (a potion of poison)
             ... on Level 2 of the Dungeon.
             The game lasted 00:13:59 (3300 turns).

MRaven the Charmwright (High Elf Skald)             Turns: 3300, Time: 00:14:00

HP  -2/30        AC  3     Str 11      XL: 4   Next: 43%
MP  11/11        EV 11     Int 21      God:
Gold 66          SH  0     Dex 15      Spells:  2 memorised,  3 levels left

rFire  + . .     SeeInvis .     a - +0 falchion
rCold  + . .     Clarity  .     b - +0 leather armour
rNeg   . . .     rCorr    +     (no shield)
rPois  +         rRot     .     (no helmet)
rElec  +         Spirit   .     (no cloak)
SustAb .         Warding  .     (no gloves)
rMut   .         Stasis   .     (no boots)
Gourm  .                        (no amulet)
MR     .....                    (no ring)
                                (no ring)

@: brilliant, lethally poisoned, resistant, not resistant to hostile
enchantments, very unstealthy
A: no striking features
a: no special abilities


You were on level 2 of the Dungeon.
You were not hungry.

You visited 1 branch of the dungeon, and saw 3 of its levels.

You collected 66 gold pieces.

Inventory:

Hand weapons
 a - a +0 falchion (weapon)
Missiles
 e - 8 javelins (quivered)
Armour
 b - a +0 leather armour (worn)
Magical devices
 q - a wand of flame (13)
Comestibles
 d - 2 bread rations
 k - a meat ration
 p - 2 slices of pizza
Scrolls
 g - a scroll of teleportation
Potions
 h - a potion of agility
 j - a potion of might
Books
 c - a book of Battle

   Spells                             Type                      Level
   *Infusion                          Charms                       1
   Shroud of Golubria                 Charms/Translocation         2
   Song of Slaying                    Charms                       2
   Spectral Weapon                    Hexes/Charms                 3
   *Regeneration                      Charms/Necromancy            3


   Skills:
 + Level 2.8 Fighting
 * Level 3.7 Long Blades
 - Level 0.8 Armour
 + Level 2.0 Dodging
 + Level 0.0 Unarmed Combat
 - Level 2.4 Spellcasting
 + Level 4.3 Charms
 + Level 0.5 Necromancy


You had 3 spell levels left.
You knew the following spells:

 Your Spells              Type           Power        Failure   Level  Hunger
a - Infusion              Chrm           ####..       1%          1    None
b - Regeneration          Chrm/Necr      ####......   2%          3    ###....


Dungeon Overview and Level Annotations

Branches:
Dungeon (3/15)

Altars:

Annotations:
D:3 Grinder


Message History

You shrug off the repeated paralysis!
You can move again.
You climb upwards.
* * * LOW HITPOINT WARNING * * *
You feel very sick.
There is a stone staircase leading down here.
Drink which item? (? for menu, Esc to quit)
That liquid tasted very nasty...
You are more poisoned.
It was a potion of poison.
* * * LOW HITPOINT WARNING * * *
You feel very sick.
Drink which item? (? for menu, Esc to quit)
You feel clever all of a sudden.
It was a potion of brilliance.
* * * LOW HITPOINT WARNING * * *
You feel very sick.
Drink which item? (? for menu, Esc to quit)
You feel protected.
It was a potion of resistance.
You die...

....###.......)#.#.#..#.#.#.# #.#
....# #........#.#.#......#.# #.#
....# #...[....#.#.#..#...#.# #.#
....# #........#.#....#...#.# #.#
##### ##....####.#.##%#...#.# #.#
#.(..# #.#....#...#.# #.#
########....####.####.#...#.# #.#
.<.....#....##........#...#.###.#
............##.#@####.....#.)...#
.......##.####.#.#......#.#####.#
.......##.####.#.#.###..#...# ###
###..........#.#.#..........#
.............#.#.######.#########
###..........#.#.................
#######.####.#################.
#............# #. #............#
#.


There were no monsters in sight!

Vanquished Creatures
  2 adders
  2 giant mites
  A worm (D:2)
  3 giant geckos
  3 giant cockroaches (D:1)
  4 goblins
  12 hobgoblins
  6 kobolds
  A quokka (D:2)
  9 bats
  3 giant newts
  8 rats
54 creatures vanquished.

Notes
Turn   | Place    | Note
--------------------------------------------------------------
     0 | D:1      | MRaven, the High Elf Skald, began the quest for the Orb.
     0 | D:1      | Reached XP level 1. HP: 14/14 MP: 4/4
   461 | D:1      | Reached XP level 2. HP: 6/19 MP: 4/6
  1035 | D:1      | Reached skill level 4 in Charms
  1130 | D:1      | Reached XP level 3. HP: 25/25 MP: 8/8
  1739 | D:2      | Learned a level 3 spell: Regeneration
  2684 | D:2      | Reached XP level 4. HP: 20/30 MP: 6/11
  3288 | D:3      | Noticed Grinder
  3290 | D:3      | Paralysed by Grinder for 7 turns
  3300 | D:2      | Succumbed to poison (a potion of poison)

Action                   |  1- 3 |  4- 6 || total
-------------------------+-------+-------++-------
Melee: Falchion          |   144 |    31 ||   175
Throw: Javelin           |    34 |     3 ||    37
 Cast: Infusion          |    10 |     1 ||    11
Evoke: Wand              |     3 |     4 ||     7
  Use: Scroll            |     2 |     3 ||     5
       Potion            |     1 |     3 ||     4
 Stab: Sleeping          |       |     2 ||     2
  Eat: Chunk             |     4 |     2 ||     6
       Beef jerky        |     1 |       ||     1
